 Dungeon Crawl Stone Soup version 0.17.0-28-g6e173f8 (webtiles) character file.

1217 gorblad the Protected (level 8, 0/49 HPs)
             Began as a Gargoyle Fighter on Dec 3, 2015.
             Was an Initiate of Dithmenos.
             Slain by a yak (5 damage)
             ... on level 5 of the Dungeon.
             The game lasted 00:16:59 (4219 turns).

gorblad the Protected (Gargoyle Fighter)            Turns: 4219, Time: 00:16:59

Health: 0/49       AC: 24    Str: 21    XL:     8   Next: 46%
Magic:  8/8        EV:  9    Int: 15    God:    Dithmenos [......]
Gold:   217        SH:  9    Dex: 14    Spells: 0 memorised, 7 levels left

rFire  . . .     SeeInvis +     a - +1 flail
rCold  . . .     Clarity  .     g - +1 plate armour
rNeg   + . .     SustAt   .     c - +0 shield
rPois  ∞         Gourm    .     w - +0 helmet
rElec  +         Spirit   .     (no cloak)
rCorr  .         Warding  .     k - +1 pair of gloves
rMut   .         Stasis   .     (no boots)
MR     .....                    (no amulet)
Stlth  ..........               (no ring)
                                o - ring of see invisible

@: brilliant, agile, flying, very slightly contaminated, hasted (expiring), very
quick, not resistant to hostile enchantments, extremely unstealthy
A: negative energy resistance 1, electricity resistance, unbreathing,
petrification resistance, rot immunity, AC +5
a: Renounce Religion


You were on level 5 of the Dungeon.
You worshipped Dithmenos.
Dithmenos was noncommittal.
You were not hungry.

You visited 2 branches of the dungeon, and saw 6 of its levels.

You collected 217 gold pieces.

Inventory:

Hand Weapons
 a - a +1 flail (weapon)
Armour
 b - a +0 scale mail
 c - a +0 shield (worn)
 g - a +1 plate armour (worn)
 k - a +1 pair of gloves (worn)
 u - a +1 pair of gloves
 w - a +0 helmet (worn)
Jewellery
 o - a ring of see invisible (left hand)
Wands
 d - a wand of polymorph (12)
Scrolls
 m - 3 scrolls of remove curse
 q - 2 scrolls of amnesia
Potions
 i - 2 potions of haste
Comestibles
 e - 5 bread rations
 f - 3 meat rations
 j - a beef jerky
 p - a slice of pizza
 r - a chunk of flesh


   Skills:
 - Level 5.2 Fighting
 - Level 2.0 Maces & Flails
 + Level 10.5 Armour
 - Level 3.2 Shields


You had 7 spell levels left.
You didn't know any spells.

Dungeon Overview and Level Annotations

Branches:
Dungeon (5/15)             Temple (1/1) D:4

Altars:
Dithmenos
Fedhas
Makhleb
Nemelex Xobeh
Ru
Sif Muna
Trog
Xom
Yredelemnul
Lugonu


Innate Abilities, Weirdness & Mutations

You are resistant to torment.
Your stone body is resilient (AC +5).
You are immune to poison.
You resist negative energy.
You are resistant to electric shocks.
You can survive without breathing.
You are immune to petrification.
You are immune to rotting.


Message History

You sock the yak!
The yak is almost dead.
The yak closely misses you.
You thump the yak!
You kill the yak!
Dithmenos accepts your kill.
You hit the yak.
The yak is lightly wounded.
Your extra speed is starting to run out.
The yak gores you but does no damage.
Your shield and plate armour prevent you from hitting the yak.
The yak is lightly wounded.
You block the yak's attack.
You hit the yak.
The yak is moderately wounded.
You block the yak's attack.
You barely miss the yak.
The yak is moderately wounded.
The yak gores you.
You die...

..<.# ####.# ####........
..#.###....###.........##
.......>#..............#
.##.###....###.........#
. #.##......#####...####
# #.##......# ##...#
..######++# #....# ###
#.#### #@# #Y# #.....'.#
...#..'.# #≈≈### .≈≈§
..≈≈≈ #++##


You could see a yak.

Vanquished Creatures
  4 yaks (D:5)
  The ghost of homeworkjunkie the Covert, an amateur SpAs (D:4)
  A giant frog skeleton (D:4)
  A crimson imp (D:4)
  A jelly (D:4)
  2 orc priests (D:3)
  A centaur skeleton (D:4)
  A hound (D:4)
  2 orc wizards (D:3)
  A worker ant (D:4)
  11 adders
  2 oozes
  4 worms
  15 orcs (D:3)
  3 ball pythons
  5 goblins
  7 hobgoblins
  6 jackals
  3 kobolds
  4 quokkas
  9 bats
  6 giant cockroaches
  5 giant geckos
  6 giant newts
  A jackal skeleton (D:4)
  A quokka skeleton (D:4)
  6 rats
109 creatures vanquished.

Vanquished Creatures (others)
  A plant (D:3)
1 creature vanquished.

Grand Total: 110 creatures vanquished

Notes
Turn   | Place    | Note
--------------------------------------------------------------
     0 | D:1      | gorblad the Gargoyle Fighter began the quest for the Orb.
     0 | D:1      | Reached XP level 1. HP: 14/14 MP: 1/1
   158 | D:1      | Reached skill level 4 in Fighting
   158 | D:1      | Reached XP level 2. HP: 18/20 MP: 2/2
   620 | D:2      | Reached XP level 3. HP: 21/24 MP: 3/3
   695 | D:2      | HP: 1/25 [adder (1)]
   703 | D:2      | Reached skill level 5 in Fighting
   980 | D:2      | Reached XP level 4. HP: 31/31 MP: 4/4
  1714 | D:3      | Reached XP level 5. HP: 30/35 MP: 5/5
  1811 | D:3      | Reached skill level 5 in Armour
  2212 | D:3      | Reached skill level 6 in Armour
  2212 | D:3      | Reached XP level 6. HP: 14/40 MP: 6/6
  2898 | D:3      | Found a deep blue altar of Sif Muna.
  3116 | D:4      | Found a staircase to the Ecumenical Temple.
  3126 | Temple   | Entered the Ecumenical Temple
  3545 | D:4      | Noticed homeworkjunkie's ghost (amateur SpAs)
  3545 | D:4      | Found a shadowy altar of Dithmenos.
  3589 | D:4      | Killed homeworkjunkie's ghost
  3589 | D:4      | Reached skill level 7 in Armour
  3589 | D:4      | Reached XP level 7. HP: 16/44 MP: 7/7
  3611 | D:4      | Became a worshipper of Dithmenos the Shadowed
  3887 | D:4      | Reached skill level 8 in Armour
  4123 | D:5      | Entered Level 5 of the Dungeon
  4160 | D:5      | Noticed a yak
  4161 | D:5      | Noticed a yak
  4161 | D:5      | Noticed a yak
  4161 | D:5      | Noticed a yak
  4162 | D:5      | Noticed a yak
  4183 | D:5      | Killed a yak
  4194 | D:5      | Killed a yak
  4194 | D:5      | Reached skill level 9 in Armour
  4194 | D:5      | Reached XP level 8. HP: 11/49 MP: 8/8
  4202 | D:5      | Killed a yak
  4202 | D:5      | Reached skill level 10 in Armour
  4215 | D:5      | Killed a yak
  4219 | D:5      | Slain by a yak

Action                   |  1- 3 |  4- 6 |  7- 9 || total
-------------------------+-------+-------+-------++-------
Melee: Flail             |   100 |   373 |   136 ||   609
  Use: Scroll            |     8 |     9 |     1 ||    18
       Potion            |     1 |     4 |     4 ||     9
  Eat: Chunk             |       |     9 |       ||     9
       Bread ration      |       |       |     1 ||     1
